[Event "55th Rubinstein Memorial-C 2019"]
[Site "Polanica-Zdroj"]
[Date "2019.08.25"]
[Round "9.18"]
[White "Koscielny, Edmond"]
[Black "Mulawa, Cyprian"]
[Result "1/2-1/2"]
[ECO "A03"]
[WhiteElo "1841"]
[BlackElo "1578"]
[Annotator "NA"]
[PlyCount "64"]
[EventDate "2019.08.17"]
[EventType "swiss"]
[EventCountry "POL"]
[SourceTitle "playchess.com"]
[Source "ChessBase"]
[SourceQuality "1"]
[TimeControl "40/5400+30:1800+30"]

1. f4 d5 2. Nf3 g6 3. e3 Bg7 4. Be2 Nf6 5. O-O O-O 6. d3 c5 7. Qe1 Nc6 8. a4 b6 {[%emt 0:02:08] A03: Bird's Opening with 1...d5} (8... Qc7 9. Qh4 e5 10. e4 dxe4 11. dxe4 Nxe4 12. fxe5 f5 13. exf6 Nxf6 14. Bc4+ Kh8 15. Bf4 Qd8 16. Nc3 Bf5 {0-1 (46) Lie,K (2547)-Grandelius,N (2515) Wijk aan Zee 2010}) 9. Ne5 Qc7 10. Qg3 Nd7 $146 ({Predecessor:} 10... Nxe5 11. fxe5 Ne8 12. d4 Be6 13. c3 f6 14. Bg4 Qd7 15. exf6 exf6 16. Bd1 {0-1 (36) Schaefer-Burkhardt,J corr 1977}) 11. Nxc6 Qxc6 12. c4 e6 13. Nc3 Nf6 14. Bf3 Qd7 15. Rd1 Bb7 16. e4 d4 17. Ne2 Qc7 18. Bd2 a5 19. Qf2 Nd7 20. Rf1 f5 21. e5 Bxf3 22. Qxf3 g5 23. Qg3 g4 {[%emt 0:02:10] [#]} 24. h3 $1 gxh3 25. gxh3 Kh8 26. Kf2 Rg8 $11 27. Qh4 Qd8 28. Qxd8 Raxd8 29. Kf3 Bxe5 30. Ng3 Bd6 31. Rae1 Rde8 32. Re2 Re7 1/2-1/2

[Event "55th Rubinstein Memorial-C 2019"]
[Site "Polanica-Zdroj"]
[Date "2019.08.25"]
[Round "9.19"]
[White "Jeske, Jerzy"]
[Black "Burdzicki, Stanislaw"]
[Result "0-1"]
[ECO "B27"]
[WhiteElo "1547"]
[BlackElo "1785"]
[Annotator "NA"]
[PlyCount "130"]
[EventDate "2019.08.17"]
[EventType "swiss"]
[EventCountry "POL"]
[SourceTitle "playchess.com"]
[Source "ChessBase"]
[SourceQuality "1"]
[TimeControl "40/5400+30:1800+30"]

1. e4 c5 2. Nf3 g6 3. d4 cxd4 4. Nxd4 Nc6 5. Be2 Bg7 6. Be3 Nf6 7. Nc3 d6 8. h3 O-O 9. Qd2 Bd7 10. O-O Nxd4 11. Bxd4 Qa5 12. Rad1 Rfe8 13. f4 Bc6 14. Bf3 Rad8 15. Qf2 Nd7 16. Bxg7 Kxg7 17. Rd2 Qb6 18. Qxb6 Nxb6 19. b3 Rd7 20. Rfd1 Rc7 21. Ne2 Bd7 22. c4 a5 23. Nc3 a4 24. Nd5 Nxd5 25. Rxd5 Bc6 26. R5d3 axb3 27. axb3 Ra8 28. Kf2 Ra3 29. R1d2 b6 30. g4 Ra1 31. Ke3 Ra3 32. g5 b5 33. Rc2 Bd7 34. Rcc3 bxc4 35. bxc4 Ra4 36. Kd4 Be6 37. h4 Raxc4+ 38. Rxc4 Rxc4+ 39. Ke3 Rb4 40. h5 Rb3 41. h6+ Kf8 42. Bd1 Rxd3+ 43. Kxd3 f6 44. Kd4 Kf7 45. Ba4 Ba2 46. Bc6 Bb3 47. Bd7 Ba2 48. Bg4 Bb1 49. Kd5 Ba2+ 50. Kd4 e6 51. Be2 Ke7 52. e5 dxe5+ 53. fxe5 fxg5 54. Bb5 Bb1 55. Ke3 Bf5 56. Bc6 Bg4 57. Bb5 Kf7 58. Bc6 Bf5 59. Bb5 Bc2 60. Bc6 Bd1 61. Bb5 Bg4 62. Bc6 Bf5 63. Bb5 g4 64. Kf4 g5+ 65. Kxg5 g3 0-1

[Event "55th Rubinstein Memorial-C 2019"]
[Site "Polanica-Zdroj"]
[Date "2019.08.25"]
[Round "9.20"]
[White "Kozlowski, Andrzej"]
[Black "Zgoda, Damian"]
[Result "1/2-1/2"]
[ECO "A40"]
[WhiteElo "1566"]
[BlackElo "1725"]
[Annotator "NA"]
[PlyCount "66"]
[EventDate "2019.08.17"]
[EventType "swiss"]
[EventCountry "POL"]
[SourceTitle "playchess.com"]
[Source "ChessBase"]
[SourceQuality "1"]
[TimeControl "40/5400+30:1800+30"]

1. d4 g6 2. g3 Bg7 3. Bg2 d6 4. e3 Nd7 5. Ne2 e5 6. c3 Ne7 7. O-O O-O 8. b3 c6 9. Bb2 d5 10. Nd2 exd4 11. cxd4 Nf6 12. Rc1 Bf5 13. Nf3 Ne4 14. Nh4 Bd7 15. Nf3 Qc8 16. Ne5 Bh3 17. Ba3 Bxg2 18. Kxg2 Re8 19. Nf4 f6 20. Ned3 Nf5 21. Nxd5 g5 22. Re1 Qe6 23. Nc3 Nxc3 24. Rxc3 Rad8 25. Qf3 g4 26. Qd1 Bh6 27. Qxg4+ Kh8 28. Qh5 Qe4+ 29. Kg1 Nxe3 30. Nf4 Bxf4 31. fxe3 Rxd4 32. Qe2 Rd5 33. Rc2 Be5 1/2-1/2

[Event "55th Rubinstein Memorial-C 2019"]
[Site "Polanica-Zdroj"]
[Date "2019.08.25"]
[Round "9.21"]
[White "Gromada, Andrzej"]
[Black "Rog, Bartlomiej"]
[Result "1-0"]
[ECO "A05"]
[WhiteElo "1721"]
[BlackElo "1540"]
[Annotator "NA"]
[PlyCount "69"]
[EventDate "2019.08.17"]
[EventType "swiss"]
[EventCountry "POL"]
[SourceTitle "playchess.com"]
[Source "ChessBase"]
[SourceQuality "1"]
[TimeControl "40/5400+30:1800+30"]

1. Nf3 Nf6 2. c4 g6 3. Nc3 Bg7 4. g3 d6 5. Bg2 c5 6. O-O O-O 7. a3 Nc6 8. Rb1 d5 9. cxd5 Nxd5 10. Nxd5 Qxd5 11. d3 e5 12. Be3 b6 13. Nd4 Qxg2+ 14. Kxg2 exd4 15. Bf4 Bb7 16. Kg1 h6 17. b4 cxb4 18. axb4 g5 19. Bd2 f5 20. Rc1 f4 21. b5 Ne5 22. Rc7 Bd5 23. Qa4 Be6 24. Rxg7+ Kxg7 25. Qxd4 Kf6 26. Bc3 Rae8 27. Qxe5+ Kg6 28. Qg7+ Kh5 29. f3 g4 30. Qxa7 gxf3 31. Rxf3 Bh3 32. gxf4 Bg4 33. Kf2 Bxf3 34. Kxf3 Re6 35. Qd7 1-0

[Event "55th Rubinstein Memorial-C 2019"]
[Site "Polanica-Zdroj"]
[Date "2019.08.25"]
[Round "9.22"]
[White "Kazmierowski, Tymon"]
[Black "Burdzicki, Jan"]
[Result "1-0"]
[ECO "D30"]
[WhiteElo "1532"]
[BlackElo "1716"]
[Annotator "NA"]
[PlyCount "119"]
[EventDate "2019.08.17"]
[EventType "swiss"]
[EventCountry "POL"]
[SourceTitle "playchess.com"]
[Source "ChessBase"]
[SourceQuality "1"]
[TimeControl "40/5400+30:1800+30"]

1. d4 d5 2. c4 e6 3. Nf3 Nf6 4. g3 Bb4+ 5. Bd2 Be7 6. Bg2 O-O 7. O-O b6 8. Bf4 Bb7 9. Nbd2 dxc4 10. Nxc4 Nd5 11. Nfe5 f6 12. Nd3 Nc6 13. Bd2 b5 14. Na5 Nxa5 15. Bxa5 Rb8 16. Rc1 Nb6 17. Bxb7 Rxb7 18. Nc5 Bxc5 19. dxc5 Na8 20. Qb3 Qd5 21. Rfd1 Qxb3 22. axb3 Rbb8 23. Rd7 Rbd8 24. Rcd1 Rxd7 25. Rxd7 Rf7 26. Rd4 g6 27. Kg2 Rf8 28. Bd2 g5 29. h4 h6 30. hxg5 hxg5 31. Bc3 Kf7 32. Rd7+ Ke8 33. Rg7 e5 34. Kf3 Rf7 35. Rg8+ Rf8 36. Rxf8+ Kxf8 37. Ke4 c6 38. Ba5 Kf7 39. Kf5 Ke7 40. g4 e4 41. Kxe4 Ke6 42. e3 b4 43. f3 a6 44. f4 gxf4 45. exf4 Ke7 46. g5 fxg5 47. fxg5 Ke6 48. Kf4 Kf7 49. Ke5 Kg6 50. Kd6 Kxg5 51. Kxc6 Kf4 52. Kb7 Nc7 53. Bxc7+ Ke4 54. Be5 Kd3 55. c6 Kc2 56. c7 Kxb3 57. c8=Q a5 58. Kb6 a4 59. Kb5 Ka2 60. b3 1-0

[Event "55th Rubinstein Memorial-C 2019"]
[Site "Polanica-Zdroj"]
[Date "2019.08.25"]
[Round "9.23"]
[White "Maslo, Slawomir"]
[Black "Wilgosz, Tomasz"]
[Result "1-0"]
[ECO "A13"]
[WhiteElo "1687"]
[BlackElo "1513"]
[Annotator "NA"]
[PlyCount "165"]
[EventDate "2019.08.17"]
[EventType "swiss"]
[EventCountry "POL"]
[SourceTitle "playchess.com"]
[Source "ChessBase"]
[SourceQuality "1"]
[TimeControl "40/5400+30:1800+30"]

1. c4 e6 2. g3 d5 3. Bg2 Nf6 4. Nf3 c5 5. cxd5 exd5 6. d4 Nc6 7. O-O cxd4 8. Nxd4 Bc5 9. Nxc6 bxc6 10. Nc3 O-O 11. Bg5 h6 12. Bxf6 Qxf6 13. Nxd5 Qxb2 14. Nf4 Ba6 15. Bxc6 Rac8 16. Bf3 Rfe8 17. Nd3 Bxd3 18. Qxd3 Red8 19. Qf5 Bd4 20. Bd5 Bf6 21. Rab1 Qe5 22. Qxe5 Bxe5 23. e4 Rd7 24. Rb5 Bd4 25. Rd1 Bb6 26. Rd2 Kf8 27. Kg2 g5 28. g4 Kg7 29. a4 Rdc7 30. a5 Rc5 31. Rdb2 Bxa5 32. Rxc5 Rxc5 33. h4 Bb6 34. hxg5 hxg5 35. Rb3 Rc2 36. Rf3 f6 37. Rf5 Bd4 38. Be6 Re2 39. Bd5 Kg6 40. Kf1 Rc2 41. Bb3 Rc3 42. Be6 Be5 43. Ke2 a5 44. Kd2 Rc5 45. Rf3 Kg7 46. Rd3 Rb5 47. Rd7+ Kf8 48. Rf7+ Ke8 49. Ra7 Rc5 50. f3 Rc7 51. Ra6 Ke7 52. Bd5 Rc5 53. Bb3 Kd7 54. Bd5 Kc7 55. Kd3 Rc3+ 56. Ke2 Ra3 57. Bc6 Kd6 58. Be8+ Kc5 59. Rc6+ Kd4 60. Bf7 Ra4 61. Kd2 Rb4 62. Rc2 Bf4+ 63. Ke2 a4 64. Ra2 Kc3 65. Be8 Kb3 66. Bf7+ Kc3 67. Ra3+ Kb2 68. Ra2+ Kb1 69. Kd3 Bc1 70. Kc3 Rb7 71. Bd5 Bb2+ 72. Kd3 a3 73. Ke3 Kc2 74. Bxb7 Kc3 75. Bd5 Kb4 76. f4 gxf4+ 77. Kxf4 Kc5 78. Kf5 Kd6 79. Rxb2 axb2 80. Ba2 Ke7 81. e5 fxe5 82. Kxe5 Kf8 83. Ke4 1-0

[Event "55th Rubinstein Memorial-C 2019"]
[Site "Polanica-Zdroj"]
[Date "2019.08.25"]
[Round "9.24"]
[White "Szandurski, Radoslaw"]
[Black "Hasterok, Lukasz"]
[Result "1/2-1/2"]
[ECO "B13"]
[WhiteElo "1681"]
[BlackElo "1531"]
[Annotator "NA"]
[PlyCount "135"]
[EventDate "2019.08.17"]
[EventType "swiss"]
[EventCountry "POL"]
[SourceTitle "playchess.com"]
[Source "ChessBase"]
[SourceQuality "1"]
[TimeControl "40/5400+30:1800+30"]

1. e4 c6 2. d4 d5 3. exd5 cxd5 4. Nf3 Bg4 5. c4 Nf6 6. Nc3 e6 7. Be2 Nc6 8. O-O a6 9. Be3 Be7 10. Rc1 O-O 11. h3 Bxf3 12. Bxf3 Rc8 13. cxd5 Nxd5 14. Nxd5 exd5 15. Qb3 Bf6 16. Rfd1 Nxd4 17. Bxd4 Rxc1 18. Rxc1 Bxd4 19. Qxb7 Qf6 20. b3 Bb2 21. Rc2 Rd8 22. Bxd5 Qe5 23. Qxf7+ Kh8 24. Qf3 h6 25. Qe2 Rxd5 26. Rxb2 Qd6 27. Rb1 Rd2 28. Qe8+ Kh7 29. Qe4+ Kh8 30. a4 Rd1+ 31. Rxd1 Qxd1+ 32. Kh2 Qd6+ 33. g3 Qb6 34. Qe3 Qb4 35. Qf3 a5 36. Qd5 Qe1 37. Kg2 Qb4 38. g4 Qc3 39. Qf3 Qb4 40. h4 Qd2 41. g5 hxg5 42. Qh5+ Kg8 43. Qxg5 Qb4 44. Qg3 Qe4+ 45. Kh2 Qb4 46. h5 Kh7 47. Kh3 Qd2 48. f4 Qd7+ 49. Qg4 Qd3+ 50. Kh4 Qxb3 51. Qf5+ Kh8 52. Qxa5 Qf3 53. Qd8+ Kh7 54. Qg5 Qh1+ 55. Kg4 Qd1+ 56. Kh4 Qh1+ 57. Kg4 Qd1+ 58. Kf5 Qxa4 59. Qg6+ Kh8 60. Qe6 Qb5+ 61. Kg6 Qd3+ 62. Kf7 Qg6+ 63. Ke7 Qxh5 64. Qc8+ Kh7 65. Qc2+ Qg6 66. Qh2+ Kg8 67. Qa2+ Kh7 68. Qh2+ {Qf5} 1/2-1/2

[Event "55th Rubinstein Memorial-C 2019"]
[Site "Polanica-Zdroj"]
[Date "2019.08.25"]
[Round "9.25"]
[White "Topola, Rafal"]
[Black "Arciszewska, Zuzanna"]
[Result "1/2-1/2"]
[ECO "C50"]
[WhiteElo "1660"]
[BlackElo "1499"]
[Annotator "NA"]
[PlyCount "95"]
[EventDate "2019.08.17"]
[EventType "swiss"]
[EventCountry "POL"]
[SourceTitle "playchess.com"]
[Source "ChessBase"]
[SourceQuality "1"]
[TimeControl "40/5400+30:1800+30"]

1. e4 e5 2. Nf3 Nc6 3. Bc4 Bc5 4. O-O Nf6 5. d3 h6 6. c3 d6 7. Bb3 O-O 8. h3 a6 9. Re1 Be6 10. Bc2 Ba7 11. Nbd2 Re8 12. Nf1 d5 13. exd5 Bxd5 14. Be3 Bxe3 15. Nxe3 Qd7 16. Nxd5 Nxd5 17. Qd2 Rad8 18. Rad1 Nf6 19. Qc1 Qc8 20. Re2 Re7 21. Rde1 Rde8 22. d4 exd4 23. Rxe7 Rxe7 24. Rxe7 Nxe7 25. Nxd4 c5 26. Ne2 Qe6 27. Qd2 Nc6 28. Bb3 Qf5 29. Ng3 Qd7 30. Qxd7 Nxd7 31. Ne4 Kf8 32. Bd5 Nd8 33. Kf1 Ke7 34. Ke2 Nf6 35. Nxf6 Kxf6 36. Kd3 Ke5 37. Bf3 b6 38. b4 Kd6 39. h4 Nc6 40. bxc5+ Kxc5 41. Bxc6 Kxc6 42. Kc4 h5 43. a3 b5+ 44. Kb4 Kb6 45. c4 a5+ 46. Kc3 Kc5 47. cxb5 Kxb5 48. Kb3 1/2-1/2

[Event "55th Rubinstein Memorial-C 2019"]
[Site "Polanica-Zdroj"]
[Date "2019.08.25"]
[Round "9.26"]
[White "Wianecki, Mateusz"]
[Black "Ursnik, Patryk"]
[Result "0-1"]
[ECO "A01"]
[WhiteElo "1634"]
[BlackElo "1497"]
[Annotator "NA"]
[PlyCount "34"]
[EventDate "2019.08.17"]
[EventType "swiss"]
[EventCountry "POL"]
[SourceTitle "playchess.com"]
[Source "ChessBase"]
[SourceQuality "1"]
[TimeControl "40/5400+30:1800+30"]

1. b3 e5 2. Bb2 Nc6 3. e3 d5 4. Bb5 Bd6 5. f4 f6 6. fxe5 fxe5 7. Nf3 Bg4 8. O-O Nf6 9. h3 Bxf3 10. Qxf3 O-O 11. Bxc6 bxc6 12. c4 Ne4 13. Qg4 Rxf1+ 14. Kxf1 Qf6+ 15. Ke2 Rf8 16. Qf3 Qg6 17. Qg4 Ng3+ 0-1

[Event "55th Rubinstein Memorial-C 2019"]
[Site "Polanica-Zdroj"]
[Date "2019.08.25"]
[Round "9.27"]
[White "Bugaj, Hanna"]
[Black "Panczuk, Grzegorz"]
[Result "1-0"]
[ECO "E73"]
[WhiteElo "1622"]
[BlackElo "1494"]
[Annotator "NA"]
[PlyCount "116"]
[EventDate "2019.08.17"]
[EventType "swiss"]
[EventCountry "POL"]
[SourceTitle "playchess.com"]
[Source "ChessBase"]
[SourceQuality "1"]
[TimeControl "40/5400+30:1800+30"]

1. d4 g6 2. c4 Bg7 3. Nc3 d6 4. e4 Nf6 5. Be2 Nbd7 6. Nf3 O-O 7. O-O e5 8. d5 h6 9. Ne1 Nc5 10. f3 a5 11. Nd3 Nfd7 12. Be3 b6 13. a3 Nxd3 14. Bxd3 f5 15. b4 f4 16. Bf2 Nf6 17. c5 axb4 18. axb4 Rxa1 19. Qxa1 bxc5 20. bxc5 g5 21. Qa5 Ne8 22. cxd6 Nxd6 23. Nb5 Bf6 24. Qxc7 Qxc7 25. Nxc7 Bd7 26. Na6 Rc8 27. Rb1 Rc3 28. Bf1 Kf7 29. Be1 Rc8 30. Bd2 Rc2 31. Ba5 Ra2 32. Bc7 Nb5 33. Bxb5 Bxb5 34. Rxb5 Rxa6 35. Ra5 Rxa5 36. Bxa5 Ke8 37. Kf1 Kd7 38. Ke2 Be7 39. Kd3 h5 40. h3 Bd6 41. Kc4 Bb8 42. Bb4 Ba7 43. Bf8 Bb6 44. Bg7 Bc7 45. Bf6 Bd6 46. Bxg5 Ba3 47. Bh4 Bc1 48. Bf2 Bd2 49. g3 Kd6 50. g4 hxg4 51. hxg4 Ba5 52. Bh4 Bc7 53. Bf6 Kd7 54. g5 Bd6 55. Kb5 Ke8 56. Kc6 Be7 57. Bxe7 Kxe7 58. d6+ Kf7 1-0

[Event "55th Rubinstein Memorial-C 2019"]
[Site "Polanica-Zdroj"]
[Date "2019.08.25"]
[Round "9.28"]
[White "Nowak, Filip"]
[Black "Zyla, Tomasz"]
[Result "1/2-1/2"]
[ECO "B60"]
[WhiteElo "1616"]
[BlackElo "1471"]
[Annotator "NA"]
[PlyCount "137"]
[EventDate "2019.08.17"]
[EventType "swiss"]
[EventCountry "POL"]
[SourceTitle "playchess.com"]
[Source "ChessBase"]
[SourceQuality "1"]
[TimeControl "40/5400+30:1800+30"]

1. e4 c5 2. Nf3 Nc6 3. d4 cxd4 4. Nxd4 Nf6 5. Nc3 d6 6. Bg5 e5 7. Nb3 Be7 8. f3 Be6 9. Qd2 O-O 10. O-O-O Qb6 11. Be3 Qc7 12. Nd5 Bxd5 13. exd5 Nb8 14. g4 Nbd7 15. g5 Nh5 16. Bh3 g6 17. Bg4 Ng7 18. h4 f5 19. gxf6 Nxf6 20. Bh6 Nxg4 21. fxg4 Qd8 22. Bg5 Ne8 23. Rdg1 Nf6 24. Bxf6 Bxf6 25. g5 Be7 26. Kb1 Rf5 27. Qh2 Qe8 28. Nd2 Qf7 29. Nc4 Rf2 30. Qg3 Rf3 31. Qg2 Rc8 32. b3 b5 33. Nd2 Rf2 34. Qg4 Qf5 35. Qxf5 gxf5 36. Kc1 Rc3 37. Kd1 Re3 38. Re1 Rxe1+ 39. Kxe1 Rf4 40. Ke2 Bd8 41. c4 a6 42. Rh2 Kg7 43. cxb5 axb5 44. Nf3 Rg4 45. a3 h6 46. Kf2 hxg5 47. hxg5 Bxg5 48. Nxg5 Rxg5 49. Kf3 Kf6 50. Rh6+ Ke7 51. a4 bxa4 52. bxa4 Rg4 53. a5 Ra4 54. Rh7+ Kd8 55. Rh8+ Kc7 56. Rh7+ Kc8 57. Rh8+ Kc7 58. Rh7+ Kc8 59. Rh8+ Kd7 60. Rh7+ Kc8 61. Rh8+ Kb7 62. Rh7+ Ka6 63. Rd7 Kxa5 64. Rxd6 Rd4 65. Rf6 f4 66. d6 Kb6 67. Re6 Kc6 68. Rxe5 Rd3+ 69. Kxf4 1/2-1/2

[Event "55th Rubinstein Memorial-C 2019"]
[Site "Polanica-Zdroj"]
[Date "2019.08.25"]
[Round "9.29"]
[White "Wrona, Florian"]
[Black "Lukasik, Zuzanna"]
[Result "1-0"]
[ECO "B42"]
[WhiteElo "1606"]
[BlackElo "1444"]
[Annotator "NA"]
[PlyCount "143"]
[EventDate "2019.08.17"]
[EventType "swiss"]
[EventCountry "POL"]
[SourceTitle "playchess.com"]
[Source "ChessBase"]
[SourceQuality "1"]
[TimeControl "40/5400+30:1800+30"]

1. e4 c5 2. Nf3 e6 3. d4 cxd4 4. Nxd4 a6 5. Bd3 Nf6 6. O-O d6 7. c4 b6 8. Nc3 Bb7 9. Be3 g6 10. f4 Bg7 11. Qc2 Qc7 12. h3 O-O 13. Qf2 Nbd7 14. Nde2 Nc5 15. Bxc5 bxc5 16. Ng3 Nd7 17. Nge2 f5 18. Rab1 Nf6 19. Qf3 fxe4 20. Bxe4 Nxe4 21. Nxe4 Qc6 22. Nxd6 Qxd6 23. Qxb7 Rab8 24. Qe4 Rxb2 25. Rbd1 Qe7 26. a3 Rb3 27. Rf3 Rxf3 28. gxf3 Re8 29. Qc6 a5 30. Rd7 Qf8 31. Qc7 e5 32. fxe5 Bxe5 33. Qc6 Qf6 34. Qd5+ Qe6 35. Qxe6+ Rxe6 36. Rd8+ Kf7 37. Kf2 Bc7 38. Rd7+ Re7 39. Rd5 Re5 40. Rd7+ Re7 41. Rd5 Re5 42. Nc3 Rxd5 43. Nxd5 Be5 44. Ke3 g5 45. Ke4 Ke6 46. a4 h6 47. Nb6 Bc7 48. Nd5 Be5 49. Ne3 Bg7 50. Nc2 Bb2 51. Ne1 Be5 52. Nd3 Bd4 53. Nc1 Bc3 54. Nd3 Bd4 55. f4 gxf4 56. Nxf4+ Kd6 57. Kf5 Be3 58. Nd5 Bc1 59. Nf6 Ke7 60. Ne4 Be3 61. Ke5 Kf7 62. Kf5 Ke7 63. Nf6 Kf7 64. Ne4 Ke7 65. Ke5 Kf7 66. Nd6+ Kg6 67. Nb7 Kh5 68. Nxa5 Bd4+ 69. Kf5 Kh4 70. Nc6 Kxh3 71. a5 h5 72. a6 1-0

[Event "55th Rubinstein Memorial-C 2019"]
[Site "Polanica-Zdroj"]
[Date "2019.08.25"]
[Round "9.30"]
[White "Ciesielski, Maciej"]
[Black "Karleszko, Karolina"]
[Result "1/2-1/2"]
[ECO "B21"]
[WhiteElo "1486"]
[BlackElo "1596"]
[Annotator "NA"]
[PlyCount "89"]
[EventDate "2019.08.17"]
[EventType "swiss"]
[EventCountry "POL"]
[SourceTitle "playchess.com"]
[Source "ChessBase"]
[SourceQuality "1"]
[TimeControl "40/5400+30:1800+30"]

1. e4 c5 2. f4 e6 3. Nf3 Nc6 4. Nc3 a6 5. d3 d5 6. e5 Be7 7. Be2 b5 8. O-O Nh6 9. d4 Nf5 10. dxc5 Bxc5+ 11. Kh1 Qc7 12. Bd3 Nfe7 13. Qe1 Bb7 14. a3 b4 15. Na4 Nd4 16. Nxd4 Bxd4 17. axb4 Qc6 18. c3 Ba7 19. Qe2 O-O 20. b5 axb5 21. Bxb5 Qc7 22. b4 Nf5 23. Bd3 d4 24. Bxf5 exf5 25. c4 d3 26. Qxd3 Rfd8 27. Qe2 Be4 28. c5 Bd3 29. Qf3 Bxf1 30. Qxf1 Rab8 31. Ba3 Rd4 32. Nc3 Qb7 33. b5 Rbd8 34. b6 Bb8 35. Nb5 Rd2 36. Bb4 Rb2 37. Ba5 Rd5 38. Rc1 Qc6 39. Na7 Bxa7 40. bxa7 Rd7 41. Bb6 Re7 42. Ra1 Re8 43. Rd1 Kf8 44. Rb1 Ra2 45. Ra1 1/2-1/2

[Event "55th Rubinstein Memorial-C 2019"]
[Site "Polanica-Zdroj"]
[Date "2019.08.25"]
[Round "9.31"]
[White "Maslanka, Wojciech"]
[Black "Pudelko, Magdalena"]
[Result "1-0"]
[ECO "B21"]
[WhiteElo "1594"]
[BlackElo "1357"]
[Annotator "NA"]
[PlyCount "57"]
[EventDate "2019.08.17"]
[EventType "swiss"]
[EventCountry "POL"]
[SourceTitle "playchess.com"]
[Source "ChessBase"]
[SourceQuality "1"]
[TimeControl "40/5400+30:1800+30"]

1. e4 c5 2. d4 cxd4 3. c3 dxc3 4. Nxc3 Nc6 5. Nf3 e6 6. Bc4 Qc7 7. Qe2 Nf6 8. O-O Ng4 9. Nb5 Qb8 10. g3 a6 11. Nbd4 Nxd4 12. Nxd4 Nf6 13. e5 Nd5 14. Bxd5 exd5 15. Bf4 Qa7 16. Nf5 d6 17. Nxd6+ Bxd6 18. exd6+ Be6 19. Rac1 O-O 20. Rc7 Rad8 21. Rfc1 Bd7 22. Qe7 Rfe8 23. Rxd7 Rf8 24. Rxd8 h6 25. Rxf8+ Kh7 26. Rxf7 Qa8 27. Rxg7+ Kh8 28. Rh7+ Kg8 29. Qf7# 1-0

[Event "55th Rubinstein Memorial-C 2019"]
[Site "Polanica-Zdroj"]
[Date "2019.08.25"]
[Round "9.32"]
[White "Jeziorny, Janusz"]
[Black "Strugacz, Michal"]
[Result "1/2-1/2"]
[ECO "C42"]
[WhiteElo "1780"]
[BlackElo "1443"]
[Annotator "NA"]
[PlyCount "70"]
[EventDate "2019.08.17"]
[EventType "swiss"]
[EventCountry "POL"]
[SourceTitle "playchess.com"]
[Source "ChessBase"]
[SourceQuality "1"]
[TimeControl "40/5400+30:1800+30"]

1. e4 e5 2. Nf3 Nf6 3. Nxe5 d6 4. Nf3 Nxe4 5. Nc3 Nxc3 6. dxc3 Be7 7. Be3 Be6 8. Qd2 c6 9. Nd4 Nd7 10. f3 Qc7 11. b3 d5 12. Bd3 g6 13. Bf4 Bd6 14. Bxd6 Qxd6 15. O-O Nc5 16. Rfe1 O-O 17. Re2 Bd7 18. b4 Ne6 19. Nxe6 Bxe6 20. Rae1 Rfe8 21. Re5 b6 22. Qe3 Kg7 23. f4 Bd7 24. Qf2 f6 25. Rxe8 Rxe8 26. Rxe8 Bxe8 27. a4 c5 28. bxc5 Qxc5 29. Qxc5 bxc5 30. a5 c4 31. Be2 Kf7 32. Kf2 Ke6 33. Ke3 Kd6 34. Kd4 Bf7 35. Bf3 h5 1/2-1/2

[Event "55th Rubinstein Memorial-C 2019"]
[Site "Polanica-Zdroj"]
[Date "2019.08.25"]
[Round "9.33"]
[White "Grossmann, Ryszard"]
[Black "Lewandowski, Witold"]
[Result "1-0"]
[ECO "A88"]
[WhiteElo "1975"]
[BlackElo "1542"]
[Annotator "NA"]
[PlyCount "90"]
[EventDate "2019.08.17"]
[EventType "swiss"]
[EventCountry "POL"]
[SourceTitle "playchess.com"]
[Source "ChessBase"]
[SourceQuality "1"]
[TimeControl "40/5400+30:1800+30"]

1. d4 f5 2. Nf3 Nf6 3. g3 g6 4. Bg2 Bg7 5. O-O O-O 6. c4 d6 7. Nc3 c6 8. Re1 Ne4 9. Qd3 d5 10. Bf4 e6 11. Rac1 a6 12. c5 g5 13. Be5 Nd7 14. Bxg7 Kxg7 15. b4 g4 16. Ne5 Nxe5 17. dxe5 b5 18. Bxe4 fxe4 19. Qd4 Bb7 20. Rf1 Qg5 21. Rc2 Rf7 22. Nd1 h5 23. Ne3 h4 24. Ng2 hxg3 25. hxg3 Rh8 26. Nh4 Kf8 27. Kg2 Rfh7 28. Rh1 Ke8 29. Rcc1 Kd8 30. Rc3 Kc8 31. Kf1 Rh5 32. Rg1 Rf8 33. f4 gxf3 34. exf3 exf3 35. Re3 Qh6 36. Kf2 Qh7 37. Rd1 Rxh4 38. gxh4 Qf5 39. Rdd3 Qh3 40. Rxf3 Qh2+ 41. Kf1 Rg8 42. Rf2 Qg1+ 43. Ke2 Qb1 44. Rdf3 Qxa2+ 45. Kd3 Qb1+ 1-0